AoeStats
← SLIIMSYice

Arena

510733871Analyzed
2v2 RM · 13h ago on Oct 2, 2026· 53m 16s· 4 players
Game mode
Random Map
Map size
Medium (4 player)
Population
200
Speed
Normal
Resources
Standard
Victory
Conquest
Starting age
Dark Age
Ending age
Imperial Age
RankedLock teamsTeams togetherTeam positionsShared explorationLock speedFull tech treeHidden civsTurbo modeCheats
Victory
Defeat
🇦🇺 Britons · Australia
773
+7
🇦🇺 Celts · Australia
693
+8
🇨🇳 Khmer · China
574
-9
🇹🇷 Sicilians · Türkiye
490
-6
81821153
13:28 Feudal Age
14:08 Double-Bit Axe
16:30 Castle Age
15:18 Double-Bit Axe
15:16 Horse Collar
18:41 Bow Saw
23:24 Gold Mining
26:01 Heavy Plow
27:41 Husbandry
31:48 Imperial Age
29:53 Bloodlines
31:40 Wheelbarrow
30:52 Loom
30:53 Town Watch
32:04 Gold Shaft Mining
31:21 Stone Mining
31:49 Light Cavalry
34:03 Conscription
33:44 Double Crossbow
34:21 Ballistics
34:07 Siege Engineers
34:14 Masonry
34:00 Murder Holes
34:27 Heavy Scorpion
37:54 Scale Barding Armor
38:00 Forging
38:34 Pikeman
39:08 Halberdier
39:41 Elite Ballista Elephant
42:38 Chain Barding Armor
42:53 Iron Casting
42:09 Fletching
47:07 Plate Barding Armor
47:32 Blast Furnace
46:34 Scale Mail Armor
47:09 Capped Ram
Tyrann03
0:48 Loom
12:02 Feudal Age
13:26 Wheelbarrow
12:37 Town Watch
14:38 Double-Bit Axe
15:17 Horse Collar
15:31 Gold Mining
15:56 Stone Mining
20:04 Forging
19:55 Scale Mail Armor
20:01 Scale Barding Armor
19:56 Padded Archer Armor
20:11 Fletching
26:02 Bloodlines
27:58 Castle Age
27:03 Arson
29:06 Husbandry
29:47 Hand Cart
30:19 Stone Shaft Mining
30:25 Gold Shaft Mining
29:53 Heavy Plow
30:06 Bow Saw
32:24 Chain Barding Armor
32:20 Chain Mail Armor
32:41 Iron Casting
32:09 Padded Archer Armor
32:05 Bodkin Arrow
32:47 Fervor
34:37 Town Patrol
36:00 Murder Holes
36:53 Masonry
37:05 Ballistics
SLIIMSYice
12:01 Feudal Age
12:30 Double-Bit Axe
12:28 Horse Collar
17:12 Castle Age
21:22 Heavy Plow
25:50 Masonry
27:29 Bow Saw
27:31 Murder Holes
28:33 Fortified Wall
30:13 Stronghold
36:19 Wheelbarrow
43:03 Imperial Age
43:09 Capped Ram
44:17 Conscription
44:53 Elite Woad Raider
46:24 Furor Celtica
48:31 Siege Ram
DrDripz
0:42 Loom
11:24 Feudal Age
11:55 Double-Bit Axe
11:55 Horse Collar
12:10 Gold Mining
14:38 Wheelbarrow
22:02 Castle Age
20:32 Man-at-Arms
20:58 Arson
21:52 Stone Mining
22:08 Crossbowman
22:09 Elite Skirmisher
23:21 Heavy Plow
23:51 Bow Saw
24:43 Gold Shaft Mining
23:47 Long Swordsman
24:28 Squires
25:01 Gambesons
26:11 Hand Cart
35:52 Imperial Age
33:22 Town Watch
34:22 Pikeman
35:38 Padded Archer Armor
35:28 Fletching
35:49 Forging
36:22 Caravan
36:00 Two-Handed Swordsman
36:01 Halberdier
37:30 Conscription
39:37 Bodkin Arrow
39:58 Leather Archer Armor
40:03 Elite Longbowman
42:46 Champion
44:25 Ballistics
44:24 Fortified Wall
44:35 Murder Holes
45:42 Iron Casting
45:08 Scale Mail Armor
45:09 Bracer
45:39 Ring Archer Armor
46:18 Guilds
46:38 Coinage
46:32 Warwolf
47:10 Yeomen
48:20 Ring Archer Armor
48:51 Blast Furnace
48:07 Chain Mail Armor
47:34 Cranequins
52:31 Heavy Mounted Crossbowman
Connection lost

Rejoining the realm…

Still unreachable

The connection could not be restored.

Session expired

The server has moved on; the page needs a fresh start.